 Dungeon Crawl Stone Soup version 0.17-a0-1663-gb806841 (webtiles) character file.

66116 MikeDS the Blocker (level 14, 0/129 HPs)
             Began as a Minotaur Fighter on Aug 15, 2015.
             Was a High Priest of Okawaru.
             Slain by Rupert
             ... wielding a +0 triple sword of slicing
              (2 damage)
             ... on level 3 of the Orcish Mines on Aug 16, 2015.
             The game lasted 03:44:16 (27650 turns).

MikeDS the Blocker (Minotaur Fighter)              Turns: 27650, Time: 03:44:16

Health: 0/129      AC: 15    Str: 25    XL:     14   Next: 78%
Magic:  19/19      EV:  8    Int:  5    God:    Okawaru [*****.]
Gold:   1767       SH: 17    Dex: 13    Spells: 0 memorised, 13 levels left

rFire  + + +     SeeInvis .     a - +9 long sword "Spider's Funeral" {freeze, rF++ rC+ MR+ Str-4}
rCold  + + .     Clarity  +     P - +1 chain mail {rF+}
rNeg   . . .     SustAt   .     c - +3 shield
rPois  .         Gourm    .     (helmet restricted)
rElec  .         Spirit   .     C - +0 cloak {rC+}
rCorr  .         Warding  .     (no gloves)
rMut   .         Stasis   +     (no boots)
MR     ++...                    V - amulet of stasis
Stlth  ..........               G - +3 ring of dexterity
                                B - +3 ring of strength

@: drained, very resistant to hostile enchantments, extremely unstealthy
A: retaliatory headbutt, horns 2, talons 1, clarity, spit poison 1, subdued
magic 1
a: Spit Poison, Heroism, Finesse, Renounce Religion


You were on level 3 of the Orcish Mines.
You worshipped Okawaru.
Okawaru was extremely pleased with you.
You were not hungry.

You visited 6 branches of the dungeon, and saw 24 of its levels.
You also visited: Ice Cave and Volcano.

You collected 1767 gold pieces.

Inventory:

Hand weapons
 a - the +9 long sword "Spider's Funeral" (weapon) {freeze, rF++ rC+ MR+ Str-4}
   (You found it on level 4 of the Lair of Beasts)

   It has been specially enchanted to freeze those struck by it, causing extra
   injury to most foes and up to half again as much damage against particularly
   susceptible opponents.
   It can also slow down cold-blooded creatures.
   It affects your strength (-4).
   It greatly protects you from fire.
   It protects you from cold.
   It affects your resistance to hostile enchantments.
 b - the +3 greatsling of Patience {flame, Str+2}
   (You found it on level 8 of the Lair of Beasts)

   It causes projectiles fired from it to burn those they strike, causing extra
   injury to most foes and up to half again as much damage against particularly
   susceptible opponents.
   It affects your strength (+2).
 k - a +2 vampiric demon whip
 m - a +3 mace of protection
 x - the +5 battleaxe of Exquisite Torment {antimagic, rElec}
   (You found it in an ice cave)

   It disrupts the flow of magical energy around spellcasters and certain
   magical creatures (including the wielder).
   It insulates you from electricity.
 F - a +3 whip of flaming
Missiles
 i - 9 exploding sling bullets
 s - 20 poisoned sling bullets
 u - 47 sling bullets of flame (quivered)
 S - 44 silver sling bullets
Armour
 c - a +3 shield (worn)
 z - a +2 cloak of magic resistance
 C - a +0 cloak of cold resistance (worn)
 P - a +1 chain mail of fire resistance (worn)
 Z - the +1 chain mail of the Planets {rCorr}
   (You found it on level 1 of the Lair of Beasts)

   It protects you from acid and corrosion.
Jewellery
 q - an uncursed ring of stealth
 r - an uncursed amulet of guardian spirit
 t - an uncursed ring of flight
 B - a +3 ring of strength (left hand)
 D - an uncursed amulet of clarity
 G - a +3 ring of dexterity (right hand)
 I - an uncursed amulet of resist mutation
 M - an uncursed ring of magical power
 N - an uncursed ring of ice
 V - an amulet of stasis (around neck)
 X - an uncursed ring of protection from fire
 Y - an uncursed ring of see invisible
Magical devices
 j - a wand of slowing (28)
 p - a wand of cold (5)
 w - a wand of lightning (4)
 K - a wand of draining (10)
 O - a wand of flame (26)
 Q - a wand of enslavement (6)
 U - a wand of polymorph (15)
Scrolls
 h - 5 scrolls of recharging
 n - 5 scrolls of remove curse
 y - a scroll of blinking
 A - 4 scrolls of fog
 H - 3 scrolls of teleportation
 L - 6 scrolls of fear
Potions
 d - 5 potions of might
 o - a potion of resistance
 E - 3 potions of brilliance
 J - 2 potions of agility
 T - a potion of flight
 W - 11 potions of curing
Comestibles
 e - 12 bread rations
 f - 30 fruits
 g - a royal jelly
 l - 7 chunks of flesh
 v - a meat ration
 R - 18 beef jerkies


   Skills:
 + Level 13.5(13.4) Fighting
 + Level 9.1(9.0) Long Blades
 - Level 10.9(10.8) Maces & Flails
 + Level 12.0(11.9) Slings
 + Level 13.3(13.1) Armour
 + Level 13.6(13.4) Shields
 + Level 8.9(8.7) Invocations


You had 13 spell levels left.
You didn't know any spells.

Dungeon Overview and Level Annotations

Branches:
Dungeon (10/15)            Temple (1/1) D:7            Lair (8/8) D:8
 Shoals (1/4) Lair:4        Snake (0/4) Lair:3        Slime (1/6) Lair:7
    Orc (3/4) D:9
    Elf: Orc:3-4

Altars:
Ashenzari
Cheibriados
Elyvilon
Fedhas
Gozag
Kikubaaqudgha
Makhleb
Okawaru
Qazlal
Ru
Sif Muna
Vehumet
Xom
Yredelemnul
Zin
The Shining One
Beogh
Jiyva

Shops:
Orc:2 }

Annotations:
D:9 exclusion: oklob plant
Orc:3 Rupert


Innate Abilities, Weirdness & Mutations

You reflexively headbutt those who attack you in melee.
You have a pair of horns on your head.
You have sharp toenails.
You possess an exceptional clarity of mind.
You can spit weak poison.
Your spells are a little easier to cast, but a little less powerful.


Message History

The orc suddenly shouts.
Rupert hits you with a triple sword of slicing.
The orc barely misses you. What do you say? t - Shout!
Orders for allies: a - Attack new target. r - Retreat! s - Stop attacking. w - Wait here. f - Follow me.
Anything else - Stay silent.
Okay, then.
An orc wizard comes into view. It is wielding a dagger.
The orc wizard shouts!
Rupert hits you with a triple sword of slicing!!!
You hear a shout!
Rupert hits you with a triple sword of slicing!!
* * * LOW HITPOINT WARNING * * *
x2 You block the orc's attack.
Rupert hits you with a triple sword of slicing!!
* * * LOW HITPOINT WARNING * * *
You die...

.... . #......
.... .#.........
#...##...........
#..#............
#....†.........#.
#.#†.#..........
##....)#..#......
#.....[.#).......
##....@[)........
#...@...........
##..o..<.#.....
###.....)......
##..o...>....
###.........
##........
.........
......$..


You could see Rupert (berserk), an orc wizard and an orc.

Vanquished Creatures
  A white draconian (IceCv)
  A fire dragon (Lair:8)
  Fannar (Orc:2)
  5 hydras
  2 catoblepae (Lair:5)
  An alligator snapping turtle (Shoals:1)
  A queen ant (Lair:5)
  3 fire crabs
  An unseen horror (D:9)
  A sea snake (Shoals:1)
  An ice statue (IceCv)
  Pikel (D:7)
  An orc knight (Orc:3)
  A hill giant (D:9)
  2 griffons
  5 cyclopes
  A water nymph (Lair:4)
  A siren (Lair:4)
  4 elephants (Lair:7)
  8 black mambas
  5 komodo dragons
  10 spiny frogs
  8 fire drakes
  A troll (D:7)
  A two-headed ogre (D:9)
  20 polar bears
  A merfolk (Lair:4)
  A boulder beetle (Lair:5)
  A slime creature (D:6)
  A raiju (Lair:8)
  11 blink frogs
  A spriggan (D:7)
  A wyvern (Lair:2)
  A deep elf mage (D:9)
  10 ice beasts
  5 fire bats
  37 wolves
  11 hippogriffs
  3 basilisks (Lair:8)
  7 wargs (Lair:8)
  45 yaks
  A hungry ghost (D:9)
  20 soldier ants (Lair:5)
  8 porcupines
  2 swamp drakes (Lair:8)
  4 hell hounds (Lair:8)
  20 water moccasins
  2 sky beasts
  14 orc warriors
  A slave (D:6)
  13 black bears
  An eye of draining (Slime:1)
  8 ogres
  A phantom (D:10)
  2 centaurs (D:8)
  19 crocodiles
  15 big kobolds (D:8)
  12 giant frogs
  A gnoll sergeant (D:9)
  3 killer bees (D:9)
  A scorpion (D:8)
  A water moccasin skeleton (D:8)
  9 wights
  2 electric eels (D:6)
  A centaur zombie (D:5)
  3 giant frog zombies
  A lava snake (Volcano)
  2 crimson imps
  15 hounds
  3 giant frog skeletons
  8 orc priests
  11 orc wizards
  2 jellies
  Terence (D:2)
  7 iguanas
  13 sheep
  3 killer bee zombies
  30 worker ants
  A hound zombie (D:5)
  2 worker ant zombies
  2 gnolls (D:9)
  36 river rats
  11 adders
  2 shadow imps
  20 oozes (D:6)
  2 adder skeletons
  4 worms
  103 orcs
  4 giant cockroaches
  8 goblins
  7 hobgoblins
  9 jackals
  5 quokkas
  A ball python (Lair:3)
  4 bats
  A giant cockroach zombie (D:5)
  7 giant geckos
  6 giant newts
  A jackal skeleton (D:6)
  A jackal zombie (D:5)
  15 kobolds
  A quokka zombie (D:5)
  6 rats
  A bush (Lair:6)
  A butterfly (Lair:2)
  A fungus (D:6)
  A plant (Lair:8)
746 creatures vanquished.

Vanquished Creatures (collateral kills)
  3 polar bears (IceCv)
  A yak (IceCv)
4 creatures vanquished.

Vanquished Creatures (others)
  3 slaves (D:7)
  33 fungi
  29 plants
  14 toadstools (D:9)
79 creatures vanquished.

Grand Total: 829 creatures vanquished

Notes
Turn   | Place    | Note
--------------------------------------------------------------
     0 | D:1      | MikeDS the Minotaur Fighter began the quest for the Orb.
     0 | D:1      | Reached XP level 1. HP: 19/19 MP: 0/0
   505 | D:1      | Reached XP level 2. HP: 27/27 MP: 1/1
   647 | D:1      | Reached skill level 4 in Armour
   920 | D:2      | Noticed Terence
   928 | D:2      | Killed Terence
   928 | D:2      | Reached XP level 3. HP: 29/33 MP: 2/2
  1327 | D:2      | Found an ancient bone altar of Kikubaaqudgha.
  1456 | D:3      | Reached XP level 4. HP: 40/40 MP: 3/3
  1941 | D:3      | Reached XP level 5. HP: 45/47 MP: 4/4
  2119 | D:4      | Noticed an ogre
  2250 | D:3      | Gained mutation: You possess an exceptional clarity of mind. [potion of mutation]
  2250 | D:3      | Gained mutation: You are frail (-10% HP). [potion of mutation]
  2250 | D:3      | Gained mutation: Your spells are a little easier to cast, but a little less powerful. [potion of mutation]
  2325 | D:4      | Found a shimmering altar of Xom.
  2351 | D:4      | Reached skill level 1 in Slings
  2351 | D:4      | Reached skill level 5 in Armour
  2511 | D:4      | Lost mutation: You are frail (-10% HP). [potion of mutation]
  2511 | D:4      | Gained mutation: You have sharp toenails. [potion of mutation]
  2537 | D:4      | Killed an ogre
  2537 | D:4      | Reached skill level 5 in Shields
  2537 | D:4      | Reached XP level 6. HP: 39/55 MP: 5/5
  2645 | D:4      | Reached skill level 5 in Fighting
  2682 | D:5      | Entered Level 5 of the Dungeon
  3482 | D:5      | Reached XP level 7. HP: 47/61 MP: 6/6
  4099 | D:5      | Found a glowing golden altar of the Shining One.
  4255 | D:5      | Reached skill level 6 in Armour
  4675 | D:5      | Found a sacrificial altar of Ru.
  4833 | D:6      | Reached skill level 5 in Maces & Flails
  4846 | D:7      | Noticed Pikel
  5015 | D:6      | Reached XP level 8. HP: 41/70 MP: 7/7
  5239 | D:6      | Noticed a slime creature
  5253 | D:6      | Killed a slime creature
  5482 | D:7      | Killed Pikel
  5482 | D:7      | Reached skill level 7 in Fighting
  5482 | D:7      | Reached skill level 5 in Slings
  5520 | D:6      | Reached XP level 9. HP: 51/79 MP: 8/8
  6279 | D:7      | Noticed a troll
  6299 | D:7      | Killed a troll
  6299 | D:7      | Reached skill level 8 in Shields
  6399 | D:7      | Noticed a spriggan baker
  6553 | D:7      | Killed a spriggan baker
  6762 | D:7      | Found a staircase to the Ecumenical Temple.
  6767 | D:7      | Got an ancient scale mail
  6779 | D:7      | Identified the cursed +0 scale mail "Bogilly" {rPois} (You found it on level 7 of the Dungeon)
  6803 | Temple   | Entered the Ecumenical Temple
  6823 | Temple   | Became a worshipper of Warmaster Okawaru
  7592 | D:8      | Found an iron altar of Okawaru.
  7685 | D:8      | Found a staircase to the Lair.
  7702 | D:8      | Noticed a fire drake
  8110 | D:8      | Acquired Okawaru's first power
  8110 | D:8      | Reached XP level 10. HP: 86/90 MP: 9/9
  8196 | D:8      | Reached skill level 9 in Armour
  8465 | Lair:1   | Entered Level 1 of the Lair of Beasts
  8884 | Lair:1   | Reached skill level 1 in Invocations
  8999 | Lair:1   | Found a shimmering altar of Xom.
  9775 | Lair:1   | Got a polished chain mail
  9787 | Lair:1   | Identified the +1 chain mail of the Planets {rCorr} (You found it on level 1 of the Lair of Beasts)
 10381 | Lair:2   | Reached XP level 11. HP: 77/99 MP: 8/12
 10654 | Lair:2   | Received a gift from Okawaru
 11369 | Lair:3   | Reached skill level 10 in Armour
 11495 | Lair:3   | Reached skill level 10 in Shields
 11501 | Lair:3   | Reached skill level 10 in Fighting
 11998 | Lair:4   | Found a staircase to the Shoals.
 12067 | Lair:4   | Found a dark tunnel.
 12074 | Lair:4   | Received a gift from Okawaru
 12086 | Volcano  | Entered a volcano
 12842 | Lair:4   | Received a gift from Okawaru
 12897 | Lair:4   | Noticed a five-headed hydra
 12897 | Lair:4   | Reached skill level 10 in Maces & Flails
 12916 | Lair:4   | Killed a five-headed hydra
 12983 | Lair:3   | Received a gift from Okawaru
 13062 | Lair:2   | Reached skill level 5 in Invocations
 13062 | Lair:2   | Reached XP level 12. HP: 70/108 MP: 12/14
 13358 | Lair:3   | Found a staircase to the Snake Pit.
 13596 | Lair:3   | Acquired Okawaru's second power
 13596 | Lair:3   | Reached skill level 11 in Shields
 13808 | Lair:3   | Received a gift from Okawaru
 14112 | Lair:4   | Got a translucent long sword
 14113 | Lair:4   | Identified the +9 long sword "Spider's Funeral" {freeze, rF++ rC+ MR+ Str-4} (You found it on level 4 of the Lair of Beasts)
 14416 | Lair:4   | Reached skill level 1 in Long Blades
 14658 | Lair:5   | Noticed a catoblepas
 14788 | Lair:6   | Received a gift from Okawaru
 14817 | Lair:5   | Noticed a fire crab
 14821 | Lair:5   | Upgraded the game from 0.17-a0-1655-g88a8506 to 0.17-a0-1663-gb806841
 14842 | Lair:5   | Killed a fire crab
 14920 | Lair:6   | Found a blossoming altar of Fedhas.
 14950 | Lair:5   | Killed a catoblepas
 15162 | Lair:5   | Received a gift from Okawaru
 15465 | Lair:5   | Reached skill level 10 in Slings
 15850 | Lair:5   | Noticed a catoblepas
 15868 | Lair:5   | Killed a catoblepas
 15868 | Lair:5   | Received a gift from Okawaru
 15914 | Lair:5   | Found a white marble altar of Elyvilon.
 16100 | Lair:5   | Noticed a queen ant
 16139 | Lair:5   | Killed a queen ant
 16399 | Lair:5   | Reached XP level 13. HP: 106/117 MP: 16/16
 16552 | Lair:6   | Reached skill level 12 in Shields
 16861 | Lair:7   | Found a viscous altar of Jiyva.
 16862 | Lair:7   | Found a staircase to the Slime Pits.
 16936 | Lair:7   | Received a gift from Okawaru
 16981 | Lair:7   | Reached skill level 5 in Long Blades
 16982 | Lair:7   | Found a frozen archway.
 16997 | IceCv    | Entered an ice cave
 18149 | IceCv    | Received a gift from Okawaru
 18250 | IceCv    | Noticed a white draconian
 18290 | IceCv    | Killed a white draconian
 18486 | IceCv    | Got a pitted battleaxe
 18503 | IceCv    | Identified the +5 battleaxe of Exquisite Torment {antimagic, rElec} (You found it in an ice cave)
 19204 | Lair:7   | Received a gift from Okawaru
 19379 | Lair:6   | Gained mutation: You can spit weak poison. [potion of beneficial mutation]
 19719 | Lair:8   | Entered Level 8 of the Lair of Beasts
 20080 | Lair:7   | Received a gift from Okawaru
 20330 | Lair:8   | Got a twisted great sword
 20336 | Lair:8   | Lost intelligence.
 20336 | Lair:8   | Identified the cursed +2 great sword of Karma {freeze, Str+2 Int-5 Dex+4} (You found it on level 8 of the Lair of Beasts)
 20740 | Lair:8   | Reached XP level 14. HP: 62/127 MP: 15/18
 21268 | Lair:8   | Received a gift from Okawaru
 21486 | Lair:8   | Reached skill level 13 in Shields
 22369 | Lair:8   | Got a steaming greatsling
 22575 | Lair:8   | Got a shimmering ring mail
 22769 | Slime:1  | Entered Level 1 of the Pits of Slime
 22834 | Slime:1  | Noticed an azure jelly
 23178 | Lair:7   | Identified the +1 ring mail "Umobeitt" {rCorr Int+2} (You found it on level 8 of the Lair of Beasts)
 23281 | Shoals:1 | Entered Level 1 of the Shoals
 23288 | Lair:4   | Received a gift from Okawaru
 23537 | Shoals:1 | Identified the +3 greatsling of Patience {flame, Str+2} (You found it on level 8 of the Lair of Beasts)
 24455 | Shoals:1 | Noticed a frost giant
 24949 | D:9      | Found a blossoming altar of Fedhas.
 24965 | D:9      | Killed an unseen horror
 24984 | D:9      | Noticed an oklob plant
 25121 | D:9      | Found an opulent altar of Gozag.
 25122 | D:9      | Found a glowing silver altar of Zin.
 25268 | D:9      | Found a glowing golden altar of the Shining One.
 25269 | D:9      | Found a basalt altar of Yredelemnul.
 25319 | D:9      | Found a white marble altar of Elyvilon.
 25403 | D:9      | Found a roughly hewn altar of Beogh.
 25656 | D:9      | Found a staircase to the Orcish Mines.
 25790 | D:10     | Entered Level 10 of the Dungeon
 25897 | Orc:1    | Entered Level 1 of the Orcish Mines
 26594 | Orc:2    | Found Jarpheasa's Gadget Emporium.
 26625 | Orc:2    | Received a gift from Okawaru
 27305 | Orc:2    | Noticed Fannar
 27352 | Orc:2    | Killed Fannar
 27630 | Orc:3    | Noticed Rupert
 27650 | Orc:3    | HP: 2/129 [Rupert/triple sword of slicing (29)]
 27650 | Orc:3    | Slain by Rupert

Vault maps used:
D:1:      nicolae_arrival_somewhat_less_tricky_arrival
D:2:      nicolae_overflow_hidden_temple, minmay_misc_feat_x, uniq_terence
D:4:      xom_teletrap_fun
D:5:      lemuel_coloured_pillars_altar, serial_undead, serial_undead_b,
          serial_undead_f, serial_undead_b, serial_undead_d, first_bread,
          basic_altar
D:6:      lemuel_slime, serial_bayou, serial_bayou_lake_a, serial_bayou_pond_d,
          serial_bayou_crossing, serial_bayou_pond_a, serial_bayou_pond_b
D:7:      temple_statues, the_bakery, uniq_pikel
D:8:      minmay_lair_entry_lava, special_room, minivault_19,
          kennysheep_flooded_box
D:9:      gammafunk_temple_overflow_forgotten,
          grunt_temple_overflow_gold_and_silver, david_orc_5, tgw_fedhas
D:10:     uniq_erica
Temple:   circular_temple_12
Lair:1:   basic_altar
Lair:2:   grunt_megastairs_3, lemuel_fruit_fields, lemuel_fruit_fields,
          lemuel_fruit_fields
Lair:3:   minmay_snake_entry_six_corridors
Lair:4:   minmay_shoals_entry_lonely_mermaid, nicolae_volcano_entry_batcave
Lair:5:   wad_woods_minihive, basic_altar, minivault_29
Lair:6:   basic_altar, nicolae_quartered_pool_medium
Lair:7:   slime_altar_1, portal_ice_cave_entry_ice_beasts,
          infiniplex_staircase_pool_2, serial_bayou_shore_b, lemuel_fruit_tree
Lair:8:   guppyfry_lair_end_dragon, hangedman_lair_caniforms_friends
Shoals:1: serial_shops, nicolae_shop_trees, st_shoals_ruin, uniq_aizul
Slime:1:  cheibrodos_slime_lost_civilization_2
Orc:2:    serial_shops, shop_fountains, uniq_fannar
Orc:3:    basic_altar, nicolae_orc_pool_cavern, uniq_rupert
IceCv:    ice_cave_small_giant
Volcano:  volcano_lake

Action                   |  1- 3 |  4- 6 |  7- 9 | 10-12 | 13-15 || total
-------------------------+-------+-------+-------+-------+-------++-------
Melee: Flail             |    76 |   147 |   244 |       |       ||   467
       Whip              |       |       |   180 |   491 |    70 ||   741
       Mace              |       |       |       |   159 |    20 ||   179
       War axe           |       |       |       |    70 |    75 ||   145
       Broad axe         |       |       |       |     9 |       ||     9
       Long sword        |       |       |       |   146 |   904 ||  1050
 Fire: Hunting sling     |       |     6 |    27 |    99 |    14 ||   146
       Greatsling        |       |       |       |       |    62 ||    62
Invok: Heroism           |       |       |       |     7 |     7 ||    14
Evoke: Wand              |       |       |       |     2 |     5 ||     7
  Use: Scroll            |       |     3 |    10 |    14 |     9 ||    36
       Potion            |       |     3 |     1 |     8 |     8 ||    20
 Stab: Invisible         |       |       |       |     1 |       ||     1
  Eat: Chunk             |     2 |     4 |     7 |    15 |    11 ||    39
       Bread ration      |       |     1 |       |       |       ||     1
       Meat ration       |       |       |     1 |     1 |     5 ||     7
       Fruit             |       |       |     1 |     6 |       ||     7
       Beef jerky        |       |       |       |     1 |     2 ||     3
       Pizza             |       |       |       |     1 |       ||     1
